AoeStats
← tbzachary

Arena

506948650Analyzed
2v2 RM · 18d ago on Sep 15, 2026· 30m 15s· 4 players
Game mode
Random Map
Map size
Medium (4 player)
Population
200
Speed
Normal
Resources
Standard
Victory
Conquest
Starting age
Dark Age
Ending age
Imperial Age
RankedLock teamsTeams togetherTeam positionsShared explorationLock speedFull tech treeHidden civsTurbo modeCheats
Victory
Defeat
🇺🇸 Mongols · United States
835
+16
🇪🇸 Bohemians · Spain
829
+16
🇨🇴 Celts · Colombia
868
-17
🇲🇽 Malians · Mexico
796
-29
tbzachary
7:59 Loom
11:03 Feudal Age
12:57 Horse Collar
13:05 Double-Bit Axe
16:02 Castle Age
15:03 Padded Archer Armor
15:13 Scale Barding Armor
15:38 Forging
15:48 Gold Mining
17:56 Bow Saw
23:27 Heavy Plow
23:24 Stone Mining
29:34 Husbandry
29:44 Bloodlines
paingemBN
11:32 Feudal Age
9:47 Loom
17:32 Castle Age
15:36 Horse Collar
16:25 Double-Bit Axe
18:12 Wheelbarrow
18:32 Man-at-Arms
20:08 Forging
21:12 Bow Saw
20:41 Long Swordsman
22:35 Squires
23:20 Scale Mail Armor
24:58 Chain Mail Armor
27:41 Iron Casting
26:57 Fletching
David19913038
13:09 Feudal Age
13:39 Double-Bit Axe
13:38 Horse Collar
13:53 Gold Mining
17:02 Wheelbarrow
16:16 Town Watch
19:06 Castle Age
17:37 Stone Mining
20:05 Heavy Plow
22:37 Stone Shaft Mining
23:00 Gold Shaft Mining
26:53 Ballistics
29:12 Scale Mail Armor
JORGE IVAN SR
11:11 Feudal Age
10:24 Loom
11:34 Horse Collar
11:44 Double-Bit Axe
13:51 Man-at-Arms
18:32 Town Watch
19:23 Wheelbarrow
19:30 Gold Mining
22:47 Scale Barding Armor
22:43 Scale Mail Armor
22:46 Padded Archer Armor
22:36 Fletching
22:59 Forging
22:47 Arson
23:22 Bloodlines
29:02 Castle Age
Connection lost

Rejoining the realm…

Still unreachable

The connection could not be restored.

Session expired

The server has moved on; the page needs a fresh start.